Map: Odyssey LE

Players

Yata - Winner!

  • Race: Zerg Zerg
  • League: Platinum
  • Spawn Location: 11:00

A.I. 1 (Hard)

  • Race: Protoss Protoss
  • Spawn Location: 5:00

VOD

Have the link to the VOD?

Description

Time

  • Played on: Oct. 1, 2017, 11:15 p.m.
  • Length: 7:49
Show
View Real Time Build Order
Export as new Build Order

Yata Zerg - Winner!

Build Orders: Hatch First 

Get SALT Encoding   

  12  0:04  Drone  
  13  0:09  Drone  
  14  0:17  Overlord  
  14  0:41  Drone x3  
  17  1:00  Drone  
  17  1:01  Hatchery  
  17  1:07  Drone  
  18  1:15  Extractor  
  17  1:23  Spawning Pool  
  16  1:28  Drone x2  
  18  1:35  Drone  
  19  1:51  Overlord  
  19  2:14  Zergling x4  
  21  2:47  Drone x6  
  27  2:52  Queen x2  
  27  2:57  Metabolic Boost  
  31  3:07  Baneling Nest  
  30  3:13  Evolution Chamber  
  30  3:14  Zergling x4  
  30  3:15  Zergling x4  
  33  3:26  Zergling x4  
  35  3:52  Zerg Melee Weapons Level 1  
  35  3:59  Drone  
  35  4:00  Overlord  
  35  4:21  Zergling x18  
  44  4:26  Baneling  
  44  4:27  Baneling x5  
  44  4:28  Baneling  
  44  4:30  Overlord x2  
  44  4:53  Zergling x2  
  44  4:54  Zergling x6  
  43  5:16  Zergling x2  
  43  5:17  Zergling x12  
  48  5:33  Zergling x2  
  48  5:34  Zergling x4  
  51  5:48  Zergling x4  
  52  5:51  Baneling  
  52  5:52  Baneling x6  
  41  6:27  Zergling x12  
  46  6:45  Zergling x2  
  46  6:46  Zergling x10  
  46  7:04  Zergling x6  
  47  7:22  Zergling x2  
  48  7:23  Zergling x4  
Show
View Real Time Build Order
Export as new Build Order

A.I. 1 (Hard) Protoss 

Build Orders:  

Get SALT Encoding   

  12  0:01  Probe (Chrono Boost)  
  13  0:11  Probe (Chrono Boost)  
  14  0:20  Pylon  
  14  0:22  Probe (Chrono Boost)  
  15  0:38  Probe (Chrono Boost)  
  16  0:47  Assimilator  
  16  0:48  Probe (Chrono Boost)  
  17  0:50  Gateway  
  17  0:59  Probe (Chrono Boost)  
  17  1:01  Pylon  
  18  1:10  Probe (Chrono Boost)  
  19  1:21  Probe (Chrono Boost)  
  20  1:35  Zealot  
  20  1:39  Cybernetics Core  
  22  1:41  Gateway  
  22  1:46  Assimilator  
  22  1:59  Zealot  
  22  2:02  Pylon  
  24  2:10  Warp Gate  
  24  2:26  Zealot, Stalker  
  28  2:39  Pylon  
  28  2:51  Stalker  
  28  2:55  Adept  
  28  2:58  Probe (Chrono Boost)  
  33  3:09  Probe (Chrono Boost)  
  34  3:16  Pylon  
  34  3:20  Zealot  
  34  3:21  Probe (Chrono Boost)  
  34  3:23  Zealot  
  39  3:28  Forge  
  39  3:33  Probe (Chrono Boost)  
  40  3:44  Probe (Chrono Boost)  
  40  3:46  Zealot  
  44  3:56  Probe (Chrono Boost)  
  44  4:47  Protoss Ground Weapons Level 1  
  44  4:53  Adept  
  44  4:55  Gateway  
  46  5:00  Pylon  
  46  5:01  Adept, Photon Cannon, Nexus  
  48  5:12  Sentry  
  46  5:20  Adept  
  34  5:31  Probe (Chrono Boost)  
  34  5:34  Stalker  
  36  5:43  Adept  
  38  5:51  Adept, Nexus  
  40  6:00  Adept  
  40  6:09  Zealot  
  38  6:14  Stalker  
  32  6:19  Stalker  
  32  6:28  Stalker  
  28  6:37  Stalker  
  22  6:55  Pylon  
  6  7:03  Probe (Chrono Boost)  
  6  7:04  Probe (Chrono Boost)  
  3  7:14  Probe x2 (Chrono Boost)  
  4  7:24  Probe (Chrono Boost)  
  4  7:28  Pylon  
  6  7:35  Probe (Chrono Boost)  
Tags
 
League
Platinum
Matchup
PvZ
Replay Pack
Pack 1
Spawn Locations
Cross Positions
Add a new tag
Caveats
  • Supply blocks, unpowered buildings, or Contaminate may cause inaccurate times.
  • Supply counts are checked every 10 seconds.